 Dungeon Crawl Stone Soup version 0.28-a0-723-g095bd1b (webtiles) character file.

Game seed: 10568745456279329629

7 Nithhogg the Skirmisher (level 2, 27/27 HPs)
             Began as a Hill Orc Fighter on Oct 25, 2021.
             Quit the game on level 1 of the Dungeon.
             The game lasted 00:00:54 (330 turns).

Nithhogg the Skirmisher (Hill Orc Fighter)           Turns: 330, Time: 00:00:55

Health: 27/27      AC:  6    Str: 18    XL:     2   Next: 0%
Magic:  2/2        EV:  9    Int:  8    God:
Gold:   0          SH:  4    Dex: 10    Spells: 1/1 levels left

rFire   . . .      SeeInvis .   a - +0 war axe
rCold   . . .      Faith    .   c - +0 buckler
rNeg    . . .      Spirit   .   b - +0 scale mail
rPois   .          Reflect  .   (no helmet)
rElec   .          Harm     .   (no cloak)
rCorr   .          Rampage  .   (no gloves)
Will    .....                   (no boots)
Stlth   ..........              (no amulet)
HPRegen 0.09/turn               (no ring)
MPRegen 0.08/turn               (no ring)

@: no status effects
A: no striking features
a: no special abilities


You were on level 1 of the Dungeon.
You visited 1 branch of the dungeon, and saw 2 of its levels.

Inventory:

Hand Weapons
 a - a +0 war axe (weapon)
Armour
 b - a +0 scale mail (worn)
 c - a +0 buckler (worn)
Scrolls
 e - a scroll of brand weapon {unknown}
 f - a scroll of identify {unknown}
 h - a scroll of magic mapping {unknown}
Potions
 d - a potion of might
 g - a potion of cancellation {unknown}


   Skills:
 + Level 3.6 Fighting
 + Level 3.2 Axes
 + Level 3.3 Armour
 + Level 3.4 Shields


You had one spell level left.
You didn't know any spells.
Your spell library was empty.

Dungeon Overview and Level Annotations

Branches:
Dungeon (2/15)

Altars:


Message History

No target in view!
No target in view!
No target in view!
You see here a rat corpse.
A goblin comes into view. It is wielding a +0 dagger.
A goblin is nearby!
You block the goblin's attack.
You barely miss the goblin. The goblin hits you but does no damage.
The goblin closely misses you.
You hit the goblin.
You kill the goblin!
Your Axes skill increases to level 3!
No target in view!
No target in view!
No target in view!
No target in view!
No target in view!
No target in view!
No target in view!
(D) Dungeon
Where to? (Enter - D:2, ? - help)
You see here a rat corpse.
There is a stone staircase leading up here.
You climb upwards.
There is a stone staircase leading down here.
You can't go up here!
There is a stone staircase leading down here.
Found a spear.
Found a leather armour.
h - a scroll labelled NOLIET OREO A kobold comes into view.
It is wielding a +0 club.
The kobold shouts!
A kobold is nearby!
You slash the kobold!
You kill the kobold!
You have reached level 2!
Things that are here:
a +0 club; a stone
Okay, then.
Are you sure you want to abandon this character and quit the game? (Confirm with "yes".)

## #...###
##♣.♣...#
#♣.....♣.##
#.........#
♣.......♣.####
#.......#....##
♣.......♣.###@#
#....[...##
##.# #♣.....♣##
#.# #.♣.♣..# .#
# #.####.# # #
#.# #.# # #.#
#.# # #.# #.. #
#.# ###


There were no monsters in sight!

Vanquished Creatures
  A ball python (D:1)
  A giant cockroach (D:1)
  A goblin (D:2)
  A quokka (D:1)
  A kobold (D:1)
  A rat (D:2)
6 creatures vanquished.

Notes
Turn   | Place    | Note
-------+----------+-------------------------------------------
     0 | D:1      | Nithhogg the Hill Orc Fighter began the quest for the Orb.
     0 | D:1      | Reached XP level 1. HP: 19/19 MP: 1/1
   329 | D:1      | Reached XP level 2. HP: 27/27 MP: 2/2
   330 | D:1      | Quit the game

Illustrated notes

Levels and vault maps discovered:
D:1:      dpeg_arrival_three_same_balls, layout_loops_ring, serial_forest,
          infiniplex_forest_lined_3, infiniplex_forest_end_2,
          infiniplex_forest_end_2, infiniplex_forest_lined_ring,
          infiniplex_forest_lined_2, shapermc_ecumenical_altar_starsandcircs
D:2:      layout_basic, palyth_stone_intersect

Skill      XL: |  1 |
---------------+----+-----
Axes           | 3 |  3.2
Fighting       | |  3.6
Armour         | |  3.3
Shields        | |  3.4

Action                   || total
-------------------------++-------
Melee: War axe           ||    10
Armor: Scale mail        ||     5
Dodge: Dodged            ||     2
Block: Buckler           ||     3

Table legend: (Time is in decaauts)
 A = Elapsed time spent in this place.
 B = Non-inter-level travel time spent in this place.
 C = Inter-level travel time spent in this place.
 D = Time resting spent in this place.
 E = Time spent auto-exploring this place.
 F = Levels seen in this place.
 G = Mean time per level.
                   A        B        C        D        E       F      G
               +--------+--------+--------+--------+--------+-----+--------+
         Total |    335 |    294 |     41 |      0 |    243 |   2 |  167.5 |
       Dungeon |    335 |    294 |     41 |      0 |    243 |   2 |  167.5 |
               +--------+--------+--------+--------+--------+-----+--------+

Top non-repeatable levels by time:
     D:1: 278 daAuts
     D:2: 56 daAuts
